Map: Scythe of Amon

Players

raincamp

  • Race: Terran Terran
  • Spawn Location: 5:00

raincamp

  • Race: Terran Terran

VOD

Have the link to the VOD?

Description

Time

  • Played on: Dec. 6, 2017, 12:38 p.m.
  • Length: 23:56
Show
View Real Time Build Order
Export as new Build Order

raincamp Terran 

Build Orders:  

Get SALT Encoding   

  12  0:29  Supply Depot  
Show
View Real Time Build Order
Export as new Build Order

raincamp Terran 

Build Orders:  

Get SALT Encoding   

  12  0:05  Starport Tech Lab  
  12  0:08  SCV  
  13  0:25  SCV  
  13  0:29  Supply Depot  
  15  0:42  SCV  
  15  0:43  Refinery  
  15  0:51  Refinery  
  16  1:04  SCV  
  17  1:21  SCV  
  17  1:28  Assault Galleon  
  17  1:38  SCV  
  18  1:55  SCV  
  20  2:12  SCV  
  20  2:28  SCV  
  21  2:36  Command Center  
  21  2:45  SCV  
  23  3:02  SCV  
  23  3:13  Armory  
  23  3:19  SCV  
  24  3:36  SCV  
  26  3:51  Supply Depot  
  26  3:53  SCV  
  26  4:10  SCV  
  26  4:26  Reaper  
  26  4:27  SCV  
  28  4:36  Reaper  
  28  4:38  Fusion Core  
  29  4:46  Reaper, SCV  
  32  5:03  SCV  
  33  5:21  SCV  
  33  5:27  Theia Raven  
  35  5:38  SCV  
  36  5:55  SCV  
  37  6:05  Refinery  
  37  6:07  Command Center  
  38  6:10  Refinery  
  38  6:12  SCV  
  38  6:15  Assault Galleon  
  38  6:16  Assault Galleon  
  46  6:32  SCV x2  
  46  6:34  Drone Hangar  
  46  6:49  SCV x2  
  48  6:57  Engineering Bay  
  48  7:05  SCV  
  48  7:06  SCV  
  48  7:08  Assault Galleon  
  50  7:12  Assault Galleon  
  52  7:22  SCV  
  52  7:23  SCV  
  58  7:39  SCV  
  59  7:42  Horner Weapons Level 1, Supply Depot  
  59  7:43  Drone Hangar  
  59  7:49  SCV  
  78  8:30  Drone Hangar  
  78  8:31  Drone Hangar  
  78  8:35  Supply Depot  
  78  8:38  Jetpack Overdrive  
  78  8:45  Drone Hangar  
  78  9:05  Hellion  
  78  9:07  Supply Depot  
  82  9:10  SCV x2  
  82  9:27  SCV x2  
  84  9:34  Reaper  
  86  9:41  LE9 Cluster Charges  
  86  9:44  Reaper, SCV x2  
  84  9:54  Reaper  
  87  10:01  SCV x2  
  83  10:18  SCV  
  83  10:37  SCV  
  84  10:47  Horner Weapons Level 2  
  84  10:52  Theia Raven  
  84  10:57  Multi-Threaded Sensors  
  86  11:09  SCV  
  87  11:19  Supply Depot  
  87  11:20  Supply Depot  
  87  11:26  SCV  
  88  11:41  Reaper  
  88  11:42  Reaper x4  
  93  11:51  Reaper  
  93  11:52  Reaper x4, Sovereign Battlecruiser  
  104  12:01  Reaper  
  103  12:14  Reaper  
  103  12:15  Reaper x4  
  106  12:52  Reaper  
  106  12:58  Supply Depot x2  
  107  13:09  Trigger Override  
  100  13:31  Reaper x2  
  100  13:32  Reaper x3  
  103  13:41  Reaper x2  
  103  13:42  Reaper x3  
  103  13:48  Asteria Wraith  
  112  13:51  Reaper x2  
  114  14:05  Reaper  
  114  14:06  Reaper x4  
  119  14:12  Unregistered Cloak System  
  119  14:15  Reaper  
  119  14:16  Reaper  
  109  14:45  Asteria Wraith  
  109  14:47  Reaper  
  109  14:48  Reaper x4  
  109  14:49  Horner Weapons Level 3  
  114  14:57  Reaper  
  114  14:58  Reaper x4  
  113  15:07  Reaper  
  113  15:08  Reaper x4  
  113  15:09  SCV x2  
  113  15:17  Reaper  
  113  15:18  Reaper x4  
  116  15:27  Reaper  
  116  15:28  Reaper x4  
  121  15:37  Reaper  
  121  15:38  Reaper x4  
  126  15:49  Asteria Wraith  
  127  17:08  Sovereign Battlecruiser  
  133  17:11  Reaper  
  133  17:12  Reaper x4  
  138  17:21  Reaper  
  138  17:22  Reaper x4  
  143  17:31  Reaper  
  143  17:32  Reaper x3  
  143  17:37  Reaper  
  148  17:41  Reaper  
  148  17:42  Reaper x3  
  148  17:47  Reaper  
  150  17:51  Reaper  
  150  17:52  Reaper x3  
  150  17:57  Reaper  
  150  17:59  Armory  
  155  18:01  Reaper  
  155  18:02  Reaper x2  
  155  18:09  Reaper  
  143  19:42  Sovereign Battlecruiser  
  143  19:43  Theia Raven  
  151  19:53  Reaper  
  151  19:54  Reaper x4  
  156  20:00  Supply Depot  
  156  20:01  Supply Depot x2  
  156  20:03  Reaper, Supply Depot  
  156  20:04  Reaper x4  
  160  20:14  Reaper x3  
  160  20:16  Reaper  
  160  20:18  Reaper  
  163  20:24  Reaper x3  
  163  20:26  Reaper  
  163  20:28  Reaper  
  144  20:34  Reaper x3  
  144  20:36  Reaper  
  144  20:37  Asteria Wraith  
  144  20:38  Reaper  
  151  20:44  Reaper x3  
  151  20:46  Reaper  
  151  20:48  Reaper  
  156  20:54  Reaper x3  
  156  20:56  Reaper  
  156  20:58  Reaper  
  161  21:01  Fusion Core  
  161  21:06  Reaper  
  161  21:07  Reaper x3  
  161  21:08  Reaper  
  166  21:16  Reaper  
  166  21:17  Reaper x3  
  166  21:18  Reaper  
  171  21:26  Reaper  
  171  21:27  Reaper x3  
  171  21:28  Reaper  
  175  21:36  Reaper  
  175  21:37  Reaper  
  171  21:52  Reaper  
  171  21:53  Reaper x3  
  171  21:54  Reaper  
  172  22:12  Sovereign Battlecruiser  
  177  23:00  Reaper  
  177  23:01  Reaper x4  
  176  23:10  Reaper  
  176  23:11  Reaper x3  
  176  23:13  Reaper  
  172  23:20  Reaper  
  172  23:21  Reaper x3  
  172  23:23  Reaper  
Tags
 
Commander
HornerRaynor
Matchup
Co-op
Replay Pack
Co-op Speedrun
Add a new tag
Caveats
  • Supply blocks, unpowered buildings, or Contaminate may cause inaccurate times.
  • Supply counts are checked every 10 seconds.